 Dungeon Crawl Stone Soup version 0.17-a0-2098-gf59d6bc (webtiles) character file.

5664 tp1 the Thaumaturge (level 10, -5/53 HPs)
             Began as a Deep Elf Conjurer on Oct 17, 2015.
             Was an Elder of Vehumet.
             Slain by a black mamba (12 damage)
             ... on level 2 of the Lair of Beasts.
             The game lasted 01:19:55 (12231 turns).

tp1 the Thaumaturge (Deep Elf Conjurer)            Turns: 12231, Time: 01:19:55

Health: -5/53      AC: 10    Str: 11    XL:     10   Next: 47%
Magic:  8/36       EV:  7    Int: 25    God:    Vehumet [****..]
Gold:   711        SH:  0    Dex: 15    Spells: 6 memorised, 15 levels left

rFire  + . .     SeeInvis .     (no weapon)
rCold  . . .     Clarity  .     j - +3 ring mail of Bamimi Afisk {MP+9 Str+4 Int+3}
rNeg   + . .     SustAt   .     (no shield)
rPois  .         Gourm    .     (no helmet)
rElec  .         Spirit   .     (no cloak)
rCorr  .         Warding  .     E - +1 pair of gloves
rMut   .         Stasis   .     (no boots)
MR     +....                    (no amulet)
Stlth  ++........               M - ring of positive energy
                                x - ring of protection from fire

@: lethally poisoned (-5 -> -20), very slightly contaminated, hasted, very
quick, somewhat resistant to hostile enchantments, unstealthy
A: no striking features
a: Renounce Religion


You were on level 2 of the Lair of Beasts.
You worshipped Vehumet.
Vehumet was greatly pleased with you.
You were hungry.

You visited 3 branches of the dungeon, and saw 11 of its levels.
You also visited: Ossuary.

You collected 711 gold pieces.

Inventory:

Hand Weapons
 a - a +0 rapier
 g - a +3 dagger of venom
 s - a +0 blowgun
Missiles
 L - 4 curare-tipped needles
 R - 6 needles of sleeping
Armour
 j - the +3 ring mail of Bamimi Afisk (worn) {MP+9 Str+4 Int+3}
   (You found it on level 4 of the Dungeon)

   It affects your strength (+4).
   It affects your intelligence (+3).
   It affects your magic capacity (+9).
 B - a +1 robe of magic resistance
 E - a +1 pair of gloves (worn)
 N - the +5 ring mail of the Ten Blessings {-Tele MR+ Dex+3 SInv}
   (You found it on level 6 of the Dungeon)

   It affects your dexterity (+3).
   It affects your resistance to hostile enchantments.
   It lets you see invisible.
   It prevents most forms of teleportation.
Jewellery
 o - an uncursed ring of protection from fire
 x - a ring of protection from fire (left hand)
 M - a ring of positive energy (right hand)
Wands
 h - a wand of flame (14)
 r - a wand of disintegration (14)
 J - a wand of enslavement (10)
Scrolls
 f - 8 scrolls of teleportation
 l - 3 scrolls of remove curse
 p - a scroll of amnesia {unknown}
 u - a scroll of magic mapping {unknown}
 w - a scroll of immolation
 D - a scroll of fear {unknown}
 H - a scroll of noise
 O - a scroll of vulnerability {unknown}
 Q - 6 scrolls of identify
Potions
 i - 2 potions of curing
 k - 6 potions of brilliance
 t - 3 potions of poison
 v - 3 potions of haste
 z - 3 potions of might {unknown}
 C - a potion of invisibility {unknown}
 F - a potion of ambrosia {unknown}
 G - 2 potions of resistance
 K - 2 potions of agility {unknown}
 P - a potion of berserk rage {unknown}
Books
 b - a book of Conjurations

   Spells                             Type                      Level
   a - Magic Dart                     Conjuration                  1
   b - Searing Ray                    Conjuration                  2
   c - Dazzling Spray                 Conjuration/Hexes            3
   d - Fulminant Prism                Conjuration/Hexes            4
   e - Iskenderun's Mystic Blast      Conjuration                  4
   f - Iskenderun's Battlesphere      Conjuration/Charms           5
 y - a book of the Warp

   Spells                             Type                      Level
   a - Recall                         Summoning/Translocation      3
   b - Gell's Gravitas                Hexes/Translocation          3
   c - Force Lance                    Conjuration/Translocation    4
   d - Phase Shift                    Translocation                5
   e - Warp Weapon                    Charms/Translocation         5
   f - Summon Forest                  Summoning/Translocation      5
Comestibles
 c - 5 bread rations
 d - 4 meat rations
 m - a royal jelly
 n - 2 chunks of flesh
 q - 2 beef jerkies
 A - a fruit
 I - a slice of pizza


   Skills:
 - Level 2.0 Fighting
 - Level 1.0 Short Blades
 + Level 3.2 Armour
 - Level 4.2 Dodging
 - Level 4.2 Stealth
 - Level 11.0 Spellcasting
 - Level 8.1 Conjurations
 - Level 10.3 Charms
 - Level 7.1 Fire Magic


You had 15 spell levels left.
You knew the following spells:

 Your Spells              Type           Power        Failure   Level  Hunger
a - Magic Dart            Conj           ####         1%          1    None
b - Searing Ray           Conj           ######       1%          2    None
c - Dazzling Spray        Conj/Hex       ####....     2%          3    None
d - Iskenderun's Battles  Conj/Chrm      ######..     2%          5    ####...
e - Throw Flame           Conj/Fire      ######       1%          2    None
f - Mephitic Cloud        Conj/Pois/Air  ####....     3%          3    None


Dungeon Overview and Level Annotations

Branches:
Dungeon (8/15)             Temple (1/1) D:4            Lair (2/8) D:8

Altars:
Ashenzari
Cheibriados
Dithmenos
Elyvilon
Fedhas
Gozag
Kikubaaqudgha
Makhleb
Nemelex Xobeh
Okawaru
Qazlal
Ru
Sif Muna
Trog
Vehumet
Xom
Yredelemnul
Zin
The Shining One

Shops:
D:5 }!


Message History

The porcupine barely misses you.
A water moccasin comes into view.
The water moccasin hisses angrily.
You see here a meat ration.
A black mamba comes into view.
The black mamba hisses angrily.
Found a stone staircase leading down.
The water moccasin barely misses you.
Found a trident.
The porcupine bites the plant!
The black mamba completely misses you.
You are feeling hungry.
The porcupine twitches its whiskers.
Found a falchion.
There is a stone staircase leading down here.
The black mamba bites you!
* * * LOW HITPOINT WARNING * * *
You are lethally poisoned!
The black mamba poisons you! The black mamba bites you!
You die...

######## #######P##..P#
##...%.......####
##......[...r....##
##P........rF..F...##.#
...............S@.....#
...............S......#
........................
...).........#..........
......###.#.##....).....
....### #.####.##.......
....# # .. ...#... ...##
### #).##.. .P..


You could see a black mamba, a spiny frog, a water moccasin, a giant frog and 2
porcupines.

Vanquished Creatures
  Pikel (D:6)
  A spiny frog (D:8)
  A komodo dragon (D:8)
  A hippogriff (D:6)
  Edmund (D:5)
  A sky beast (D:5)
  Duvessa (D:6)
  2 ice beasts
  A phantom (D:7)
  2 necrophages
  3 black bears
  An orc warrior (D:8)
  An ogre (D:7)
  5 centaurs
  A crocodile (D:8)
  The ghost of cireshan the Conjurer, an amateur DECj (D:3)
  Blork the orc (D:6)
  7 big kobolds
  5 giant frogs
  2 gnoll sergeants (D:8)
  Dowan (D:6)
  3 killer bees (D:8)
  A crimson imp (D:6)
  A jelly (D:7)
  A giant frog zombie (D:5)
  2 iguanas
  9 orc priests
  Ijyb (D:2)
  4 hounds
  An orc wizard (D:7)
  3 centaur skeletons
  A giant frog skeleton (D:5)
  A gnoll shaman (D:8)
  11 worker ants
  A big kobold zombie (Ossuary)
  A hound skeleton (D:4)
  9 mummies
  A worker ant zombie (D:7)
  10 adders
  12 gnolls
  An adder zombie (D:5)
  3 worms
  5 giant geckos
  24 orcs
  2 ball pythons (D:1)
  3 giant cockroaches
  3 gnoll zombies (Ossuary)
  18 goblins
  14 hobgoblins
  4 jackals (D:2)
  5 quokkas
  13 bats
  A giant gecko skeleton (D:4)
  7 giant newts
  51 kobolds
  3 kobold zombies (Ossuary)
  An orc zombie (Ossuary)
  8 rats
279 creatures vanquished.

Vanquished Creatures (others)
  Sigmund (D:6)
  2 slaves (D:6)
3 creatures vanquished.

Grand Total: 282 creatures vanquished

Notes
Turn   | Place    | Note
--------------------------------------------------------------
     0 | D:1      | tp1 the Deep Elf Conjurer began the quest for the Orb.
     0 | D:1      | Reached XP level 1. HP: 10/10 MP: 6/6
   207 | D:1      | Reached XP level 2. HP: 15/15 MP: 0/8
  1203 | D:1      | Reached XP level 3. HP: 19/19 MP: 5/9
  1874 | D:2      | Noticed Ijyb
  1969 | D:2      | Killed Ijyb
  1969 | D:2      | Reached XP level 4. HP: 7/24 MP: 0/10
  2500 | D:2      | Learned a level 2 spell: Searing Ray
  2504 | D:2      | Learned a level 3 spell: Dazzling Spray
  2588 | D:2      | Reached skill level 1 in Short Blades
  3039 | D:3      | Noticed cireshan's ghost (amateur DECj)
  3087 | D:3      | Reached skill level 5 in Conjurations
  3430 | D:3      | Reached XP level 5. HP: 28/28 MP: 7/12
  3825 | D:2      | Learned a level 5 spell: Iskenderun's Battlesphere
  4196 | D:3      | Killed cireshan's ghost
  4507 | D:4      | Reached XP level 6. HP: 32/32 MP: 6/14
  4609 | D:4      | Got a jewelled ring mail
  4620 | D:4      | Identified the +3 ring mail of Bamimi Afisk {MP+9 Str+4 Int+3} (You found it on level 4 of the Dungeon)
  4750 | D:4      | Found a staircase to the Ecumenical Temple.
  4769 | D:4      | Reached skill level 5 in Charms
  4880 | D:4      | Found a sand-covered staircase.
  4891 | Ossuary  | Entered an ossuary
  5083 | Ossuary  | Reached skill level 6 in Charms
  5244 | Ossuary  | Reached skill level 5 in Spellcasting
  5435 | Temple   | Entered the Ecumenical Temple
  5491 | Temple   | Became a worshipper of Vehumet
  5525 | D:4      | Reached XP level 7. HP: 36/36 MP: 11/17
  6087 | D:4      | Found a staircase to the Ecumenical Temple.
  6293 | D:4      | Reached skill level 1 in Armour
  6319 | D:5      | Entered Level 5 of the Dungeon
  6326 | D:5      | Found Sigeuciaca's Gadget Boutique.
  6787 | D:5      | Noticed Edmund
  6798 | D:5      | Killed Edmund
  7034 | D:5      | Reached skill level 7 in Conjurations
  7087 | D:5      | Reached * piety under Vehumet
  7087 | D:5      | Offered knowledge of Shock by Vehumet.
  7423 | D:5      | Reached XP level 8. HP: 39/41 MP: 8/18
  7460 | D:5      | Reached skill level 8 in Conjurations
  7931 | D:5      | Found Ocliazxa's Distillery.
  8144 | D:5      | Reached ** piety under Vehumet
  8144 | D:5      | Offered knowledge of Sting by Vehumet.
  8285 | D:5      | Found Sigeuciaca's Gadget Boutique.
  8533 | D:5      | Reached skill level 9 in Charms
  8579 | D:5      | Found Ocliazxa's Distillery.
  9193 | D:6      | Got a steaming ring mail
  9204 | D:6      | Identified the +5 ring mail of the Ten Blessings {-Tele MR+ Dex+3 SInv} (You found it on level 6 of the Dungeon)
  9234 | D:6      | Reached skill level 10 in Charms
  9369 | D:6      | Noticed Blork the orc
  9371 | D:6      | Killed Blork the orc
  9721 | D:6      | Reached XP level 9. HP: 45/45 MP: 21/21
  9877 | D:6      | Noticed Pikel
  9883 | D:6      | Killed Pikel
  9890 | D:6      | Killed Sigmund
  9964 | D:6      | Noticed Duvessa
  9966 | D:6      | Noticed Dowan
  9971 | D:6      | Killed Duvessa
  9973 | D:6      | Killed Dowan
  9973 | D:6      | Reached skill level 10 in Spellcasting
 10018 | D:6      | Offered knowledge of Throw Flame by Vehumet.
 10038 | D:6      | Learned a level 2 spell: Throw Flame
 10179 | D:6      | Reached skill level 1 in Fire Magic
 10833 | D:7      | Reached *** piety under Vehumet
 10908 | D:7      | Reached skill level 11 in Spellcasting
 11066 | D:7      | Found a shattered altar of Ashenzari.
 11337 | D:7      | Reached skill level 5 in Fire Magic
 11392 | D:7      | Reached skill level 1 in Fighting
 11392 | D:7      | Reached XP level 10. HP: 47/52 MP: 27/27
 11408 | D:7      | Offered knowledge of Mephitic Cloud by Vehumet.
 11413 | D:7      | Learned a level 3 spell: Mephitic Cloud
 11505 | D:7      | Found a shattered altar of Ashenzari.
 11929 | D:8      | Reached **** piety under Vehumet
 12135 | D:8      | Found a staircase to the Lair.
 12158 | D:8      | Offered knowledge of Stone Arrow by Vehumet.
 12195 | Lair:1   | Entered Level 1 of the Lair of Beasts
 12223 | Lair:2   | Noticed a black mamba
 12231 | Lair:2   | Slain by a black mamba

Vault maps used:
D:1:      dpeg_arrival_radiant, serial_bayou_pond_e, st_stairs_5,
          minmay_stone_trees_small
D:2:      kennysheep_the_goblin_king, minmay_misc_feat_nine_boxes
D:3:      first_bread, minmay_misc_feat_diagonals
D:4:      minmay_temple_entry_junction, gup_ossuary_entry_pyramid
D:5:      minmay_goblin_kobold_castle, serial_shops, nicolae_shop_statue_plus,
          shop_fountains, minivault_4, minivault_5, uniq_edmund
D:6:      uniq_blork_the_orc, uniq_pikel, uniq_sigmund, uniq_duvessa
D:7:      ashenzari_altar_1
D:8:      kennysheep_housing_project, dpeg_lair_monsters, serial_shops, shop,
          the_bakery, serial_park_tiny_pond
Temple:   grunt_circular_temple_18
Lair:1:   statuecave_lemuel, grunt_megastairs_3
Ossuary:  ossuary_tomb_3

Action                   |  1- 3 |  4- 6 |  7- 9 | 10-12 || total
-------------------------+-------+-------+-------+-------++-------
Melee: Dagger            |     8 |    27 |    32 |       ||    67
       Unarmed           |     2 |       |       |       ||     2
       Short sword       |       |     6 |       |       ||     6
 Fire: Hunting sling     |       |     1 |       |       ||     1
 Cast: Magic Dart        |    81 |   160 |   212 |    91 ||   544
       Searing Ray       |       |    29 |    57 |       ||    86
       Dazzling Spray    |       |     4 |     6 |       ||    10
       Iskenderun's Batt |       |     1 |    26 |    15 ||    42
       Throw Flame       |       |       |     5 |     5 ||    10
       Mephitic Cloud    |       |       |       |     1 ||     1
  Use: Scroll            |       |     5 |     9 |       ||    14
       Potion            |       |       |       |     7 ||     7
 Stab: Invisible         |       |       |     1 |       ||     1
  Eat: Chunk             |     2 |    11 |     9 |     5 ||    27
       Bread ration      |       |       |     3 |       ||     3
       Fruit             |       |       |     2 |       ||     2
